 Dungeon Crawl Stone Soup version 0.28-a0-724-g66f9036eb4 (webtiles) character file.

Game seed: 5382122564591519485

28 AarnesTheHuman the Skirmisher (level 3, 0/30 HPs)
             Began as a Barachi Fighter on Oct 27, 2021.
             Slain by Sigmund (8 damage)
             ... on level 2 of the Dungeon.
             The game lasted 00:01:22 (885 turns).

AarnesTheHuman the Skirmisher (Barachi Fighter)      Turns: 885, Time: 00:01:23

Health: 0/30       AC:  8    Str: 18    XL:     3   Next: 12%
Magic:  3/3        EV:  9    Int:  8    God:
Gold:   37         SH:  0    Dex: 11    Spells: 2/2 levels left

rFire   . . .      SeeInvis .   a - +0 long sword
rCold   . . .      Faith    .   c - +0 buckler
rNeg    . . .      Spirit   .   b - +0 scale mail
rPois   .          Reflect  .   g - +0 helmet
rElec   .          Harm     .   (no cloak)
rCorr   .          Rampage  .   (no gloves)
Will    .....                   (no boots)
Stlth   ..........              (no amulet)
HPRegen 0.10/turn               (no ring)
MPRegen 0.08/turn               (no ring)

@: confused, mighty, slow
A: amphibious, slowness 1, strong legs 1, +LOS
a: Hop


You were on level 2 of the Dungeon.
You visited 1 branch of the dungeon, and saw 2 of its levels.

You collected 37 gold pieces.

Inventory:

Hand Weapons
 a - a +0 long sword (weapon)
Armour
 b - a +0 scale mail (worn)
 c - a +0 buckler (worn)
 g - a +0 helmet (worn)
Scrolls
 f - a scroll of identify {unknown}
 h - a scroll of immolation {unknown}
 k - a scroll of silence {unknown}
 l - a scroll of magic mapping {unknown}
Potions
 d - a potion of might
 i - a potion of brilliance {unknown}
 j - a potion of ambrosia {unknown}


   Skills:
 + Level 4.0 Fighting
 + Level 3.0 Long Blades
 + Level 4.0 Armour
 + Level 3.6 Shields


You had 2 spell levels left.
You didn't know any spells.
Your spell library contained the following spells:

 Spells                   Type           Power      Damage    Failure   Level
 Magic Dart               Conj           0%         1d3       80%         1
 Call Imp                 Summ           0%         N/A       91%         2
 Mephitic Cloud           Conj/Pois/Air  0%         N/A       99%         3


Dungeon Overview and Level Annotations

Branches:
Dungeon (2/15)

Altars:

Annotations:
D:2 Sigmund


Innate Abilities, Weirdness & Mutations

You are amphibious.
You cover ground slowly.
You can hop short distances.
You have an extended range of vision and can be seen from far away.


Message History

Press: ? - help, Shift-Dir - straight line, f/p - Sigmund
Aim: Sigmund, wielding a +0 scythe and wearing a +0 robe (53% to hit)
You throw a silver javelin.
The silver javelin pierces through Sigmund.
Sigmund is lightly wounded.
Throw: javelin (silver)
Press: ? - help, Shift-Dir - straight line, f/p - Sigmund
Aim: Sigmund, wielding a +0 scythe and wearing a +0 robe (lightly wounded, 53% to hit)
You throw a silver javelin.
The silver javelin barely misses Sigmund.
Sigmund gestures at you while chanting.
You are confused.
You feel very mighty all of a sudden. Sigmund closely misses you.
Sigmund hits you but does no damage.
Sigmund points at you and mumbles some strange words.
The magic dart hits you.
Sigmund points at you and mumbles some strange words.
You are more confused.
Sigmund gestures at you while chanting.
You are more confused.
Sigmund points at you and mumbles some strange words.
The magic dart hits you.
You hit Sigmund.
Sigmund is lightly wounded.
Sigmund barely misses you. Sigmund completely misses you.
You completely miss Sigmund.
Sigmund is lightly wounded.
You closely miss Sigmund.
Sigmund is lightly wounded.
Sigmund completely misses you.
Sigmund hits you from afar with a +0 scythe.
Sigmund points at you and mumbles some strange words.
The magic dart hits you but does no damage.
Sigmund points at you and mumbles some strange words.
The magic dart hits you.
* * * LOW HITPOINT WARNING * * *
Sigmund hits you from afar with a +0 scythe!
You die...

...... .......
....... .......
.......#######
.............#
.............#
.............#
.........@...##
.......@......##.#
..............##.#
#.............##.#
....(.........##.#
...(..........##.#
..(...........##.#
..............##.#
.............†##.####


You could see Sigmund.

Vanquished Creatures
  A worm (D:2)
  3 ball pythons
  3 bats (D:2)
  2 giant cockroaches
  2 goblins
  3 hobgoblins (D:1)
  3 quokkas
  2 kobolds (D:1)
  2 rats
21 creatures vanquished.

Notes
Turn   | Place    | Note
-------+----------+-------------------------------------------
     0 | D:1      | AarnesTheHuman the Barachi Fighter began the quest for the
                  | Orb.
     0 | D:1      | Reached XP level 1. HP: 18/18 MP: 1/1
   272 | D:1      | Reached XP level 2. HP: 25/25 MP: 2/2
   374 | D:1      | Found a faded altar of an unknown god.
   810 | D:2      | Reached XP level 3. HP: 30/30 MP: 3/3
   867 | D:2      | Noticed Sigmund
   885 | D:2      | Slain by Sigmund

Illustrated notes

Levels and vault maps discovered:
D:1:      psy_arrival_radial01, layout_rooms, ebering_ecumenical_altar_rust
D:2:      minmay_recursive_quarters, layout_basic, minmay_diced_spiral,
          uniq_sigmund

Skill      XL: |  1  2  3 |
---------------+----------+-----
Fighting       | 4 |  4.0
Armour         | 4 |  4.0
Long Blades    | 3 |  3.0
Shields        | |  3.6

Action                   || total
-------------------------++-------
Melee: Long sword        ||    61
Throw: Javelin           ||     4
  Use: Potion            ||     1
Armor: Scale mail        ||    22
Dodge: Dodged            ||    29
Block: Buckler           ||    20

Table legend: (Time is in decaauts)
 A = Elapsed time spent in this place.
 B = Non-inter-level travel time spent in this place.
 C = Inter-level travel time spent in this place.
 D = Time resting spent in this place.
 E = Time spent auto-exploring this place.
 F = Levels seen in this place.
 G = Mean time per level.
                   A        B        C        D        E       F      G
               +--------+--------+--------+--------+--------+-----+--------+
         Total |   1013 |    976 |     37 |      0 |    778 |   2 |  506.5 |
       Dungeon |   1013 |    976 |     37 |      0 |    778 |   2 |  506.5 |
               +--------+--------+--------+--------+--------+-----+--------+

Top non-repeatable levels by time:
     D:1: 809 daAuts
     D:2: 204 daAuts
